 Dungeon Sprint DCSS version 0.19.5 (webtiles) character file.

16 equalderp2856 the Scratcher (level 2, 0/14 HPs)
             Began as a Felid Fighter on Mar 10, 2017.
             Was an Initiate of Gozag.
             Slain by an iron imp (12 damage)
             ... in the Dungeon (Sprint VII: "The Pits").
             The game lasted 00:00:34 (89 turns).

equalderp2856 the Scratcher (Felid Fighter)           Turns: 89, Time: 00:00:35

Health: 0/14       AC:  1    Str: 12    XL:     2   Next: 41%
Magic:  3/3        EV: 20    Int:  9    God:    Gozag
Gold:   315        SH:  0    Dex: 15    Spells: 0 memorised, 1 level left
                                        Lives:  0   Deaths: 0

rFire  . . .     SeeInvis +       - Unarmed
rCold  . . .     Gourm    .     (armour unavailable)
rNeg   . . .     Faith    .     (shield unavailable)
rPois  .         Spirit   .     (helmet unavailable)
rElec  .         Reflect  .     (cloak unavailable)
rCorr  .         Harm     .     (gloves unavailable)
MR     .....     NoTele   +     (boots unavailable)
Stlth  ++........               (no amulet)
                                (no ring)
                                (no ring)

@: gold aura, quick
A: no armour, no weapons or thrown items, stealth, claws 1, fangs 3, see
invisible, carnivore 3, speed 1, shaggy fur 1, slow metabolism 1, sharp paws
a: Potion Petition, Call Merchant, Bribe Branch, Renounce Religion


You were in the Dungeon.
You worshipped Gozag.
Gozag was aware of your devotion.
You were not hungry.

You visited 1 branch You collected 315 gold pieces.

Inventory:

Scrolls
 h - a scroll of blinking
Potions
 a - a potion of might
 c - a potion of curing
 d - a potion of heal wounds
 e - a potion of haste
 f - 2 potions of magic
 g - a potion of berserk rage
Comestibles
 b - a meat ration


   Skills:
 + Level 3.6 Fighting
 + Level 4.9 Dodging
 + Level 5.6 Unarmed Combat


You had one spell level left.
You didn't know any spells.

Dungeon Overview and Level Annotations

Branches:
Dungeon (1/1)

Altars:
Ashenzari
Cheibriados
Dithmenos
Elyvilon
Fedhas
Gozag
Hepliaklqana
Kikubaaqudgha
Makhleb
Nemelex Xobeh
Okawaru
Qazlal
Ru
Sif Muna
Trog
Uskayaw
Vehumet
Xom
Yredelemnul
Zin
The Shining One
Beogh
Jiyva
Lugonu


Innate Abilities, Weirdness & Mutations

You cannot wear armour.
You are incapable of wielding weapons or throwing items.
Your paws allow you to move quietly. (Stealth)
You have sharp claws.
You have razor-sharp teeth.
You have supernaturally acute eyesight. (SInv)
You are carnivorous and can eat meat at any time.
You cover ground quickly.
You are covered in fur. (AC +1)
You have a slow metabolism.
Your sharp claws are effective at attacking unaware monsters.


Message History

The jackal skeleton bites you.
There is an open door here.
You barely miss the quokka.
The quokka is moderately wounded.
The quokka misses you.
The jackal skeleton completely misses you.
You claw the quokka!
You kill the quokka!
The jackal skeleton completely misses you.
You barely miss the frilled lizard.
The jackal skeleton bites you but does no damage.
You scratch the frilled lizard.
You kill the frilled lizard!
The jackal skeleton completely misses you.
You scratch the iron imp. Your claw misses the iron imp.
The iron imp is moderately wounded.
The jackal skeleton closely misses you. The iron imp hits you!
Ouch! That really hurt!
You die...
Your body crumbles into a pile of gold.

+.##......#..#.
##########.##...........
#...........'...........
+#####'#####......#..#.
#..#...'.##...........
#..#...#.#####'#####++
#..#####.##.......#
#..'..Z#.##.......#
#..'..5@.##.......#
#..########...<...# #..+
#.......# #..# #.......#
#### #.......# #########


You could see an iron imp and a jackal skeleton.

Vanquished Creatures
  An ufetubus (D)
  An adder skeleton (D)
  A giant cockroach (D)
  2 jackals (D)
  2 quokkas (D)
  A frilled lizard (D)
8 creatures vanquished.

Notes
Turn   | Place    | Note
-------+----------+-------------------------------------------
     0 | D        | equalderp2856 the Felid Fighter began the quest for the Orb.
     0 | D        | Reached XP level 1. HP: 10/10 MP: 2/2
    26 | D        | Found a radiant altar of Vehumet.
    26 | D        | Found a hide-covered altar of Uskayaw.
    26 | D        | Found an ancient bone altar of Kikubaaqudgha.
    26 | D        | Found a viscous altar of Jiyva.
    26 | D        | Found a hazy altar of Hepliaklqana.
    27 | D        | Found a bloodstained altar of Trog.
    27 | D        | Found a deep blue altar of Sif Muna.
    27 | D        | Found a sacrificial altar of Ru.
    27 | D        | Found a stormy altar of Qazlal.
    27 | D        | Found an iron altar of Okawaru.
    27 | D        | Found a sparkling altar of Nemelex Xobeh.
    27 | D        | Found an opulent altar of Gozag.
    27 | D        | Found a blossoming altar of Fedhas.
    27 | D        | Found a white marble altar of Elyvilon.
    27 | D        | Found a shadowy altar of Dithmenos.
    27 | D        | Found a snail-covered altar of Cheibriados.
    28 | D        | Found a glowing golden altar of the Shining One.
    28 | D        | Found a glowing silver altar of Zin.
    30 | D        | Found a roughly hewn altar of Beogh.
    30 | D        | Found a burning altar of Makhleb.
    30 | D        | Found a basalt altar of Yredelemnul.
    31 | D        | Found a shattered altar of Ashenzari.
    31 | D        | Found a corrupted altar of Lugonu.
    31 | D        | Found a shimmering altar of Xom.
    33 | D        | Became a worshipper of Gozag Ym Sagoz the Greedy
    49 | D        | Reached skill level 5 in Unarmed Combat
    49 | D        | Reached XP level 2. HP: 14/14 MP: 3/3
    89 | D        | Slain by an iron imp

Skill      XL: |  1 |
---------------+----+-----
Unarmed Combat | 5 |  5.6
Fighting       | |  3.6
Dodging        | |  4.9

Action                   || total
-------------------------++-------
Melee: Unarmed           ||    17
 Stab: Sleeping          ||     3
Armor: Skin              ||     2
Dodge: Dodged            ||    13
